 Dungeon Sprint DCSS version 0.23-a0-565-g3e74e4c (webtiles) character file.

1290 JosiahThimblerig the Cleaver (level 8, -3/81 HPs)
             Began as a Hill Orc Fighter on Dec 13, 2018.
             Was a Follower of Vehumet.
             Slain by a centaur warrior
             ... wielding a cursed -3 shortbow
              (9 damage)
             ... in the Dungeon (Sprint I: "Red Sonja").
             The game lasted 00:08:59 (1040 turns).

JosiahThimblerig the Cleaver (Hill Orc Fighter)     Turns: 1040, Time: 00:09:00

Health: -3/81      AC:  8    Str: 19    XL:     8   Next: 55%
Magic:  8/8        EV:  9    Int:  9    God:    Vehumet [*.....]
Gold:   25         SH:  0    Dex: 11    Spells: 6/7 levels left

rFire    . . .     SeeInvis .   a - +0 war axe
rCold    . . .     Gourm    .   c - +0 shield
rNeg     . . .     Faith    .   b - +0 scale mail
rPois    .         Spirit   .   (no helmet)
rElec    .         Reflect  .   (no cloak)
rCorr    .         Harm     .   (no gloves)
MR       .....     NoTele   +   (no boots)
Stlth    ..........             (no amulet)
HPRegen  0.23/turn              (no ring)
MPRegen  0.11/turn              (no ring)

@: confused, hasted, slow
A: no striking features
a: Renounce Religion


You were in the Dungeon.
You worshipped Vehumet.
Vehumet was aware of your devotion.
You were hungry.

You visited 1 branch You collected 405 gold pieces.
You spent 380 gold pieces at shops.

Inventory:

Hand Weapons
 a - a +0 war axe (weapon)
 g - a +0 dagger
 o - a +0 giant club
 p - a +0 scythe
Missiles
 r - 45 arrows (quivered)
Armour
 b - a +0 scale mail (worn)
 c - a +0 shield (worn)
 m - a +0 leather armour
 n - a +0 robe
 q - a +0 robe
 s - a +0 ring mail
 w - a +0 robe
Wands
 l - a wand of flame (5)
Scrolls
 k - a scroll of blinking
Potions
 d - a potion of might
 e - 2 potions of curing
 i - 2 potions of magic
 j - 2 potions of berserk rage
 t - a potion of ambrosia
 u - 2 potions of lignification
 v - 2 potions of brilliance
Comestibles
 f - a ration


   Skills:
 + Level 10.7 Fighting
 + Level 13.3 Axes
 + Level 10.8 Armour
 + Level 1.5 Dodging
 + Level 9.6 Shields
 + Level 0.2 Evocations


You had 6 spell levels left.
You knew the following spells:

 Your Spells              Type           Power        Failure   Level  Hunger
a - Flame Tongue          Conj/Fire      #....        89%         1    ##.....
Your spell library was empty.

Dungeon Overview and Level Annotations

Branches:
Dungeon (1/1)

Altars:
Cheibriados
Dithmenos
Elyvilon
Fedhas
Gozag
Hepliaklqana
Kikubaaqudgha
Makhleb
Nemelex Xobeh
Okawaru
Qazlal
Ru
Sif Muna
Trog
Uskayaw
Vehumet
Wu Jian
Xom
Yredelemnul
Zin
The Shining One
Jiyva
Lugonu

Shops:
D !


Message History

You slash the centaur warrior!
The centaur warrior is heavily wounded.
You hit the centaur warrior.
The centaur warrior hits you with a cursed -3 shortbow.
You block the centaur warrior's attack.
The centaur warrior hits you with a cursed -3 shortbow.
You hit the centaur warrior.
The centaur warrior is heavily wounded.
You slash the centaur warrior! The centaur warrior hits you!
* * * LOW HITPOINT WARNING * * *
You block the centaur warrior's attack. The centaur warrior hits you!
* * * LOW HITPOINT WARNING * * *
You are confused.
You feel invigorated.
The centaur warrior hits you with a cursed -3 shortbow!
* * * LOW HITPOINT WARNING * * *
The centaur warrior barely misses you.
You feel yourself speed up.
The centaur warrior hits you with a cursed -3 shortbow!
You die...

#########################
<.#..'÷.#..'..#__#..)...#
..'..#..'÷.#..'..'..#...#
..#####'#####'#__####...+
..####..#...#.####§§#####
..#__####..##.#§§§§§#
..#_____##'#§.'§@c§§+
⌠⌠#_.∩...'...§#≈§c§§#
###_..__##_.#'##+####
#_____###+#.# ####### ###


You could see 2 centaur warriors.

Vanquished Creatures
  2 kobold demonologists (D)
  A slime creature (D)
  Sigmund (D)
  A yak (D)
  A floating eye (D)
  An ogre (D)
  A jelly (D)
  Ijyb (D)
9 creatures vanquished.

Vanquished Creatures (others)
  A gargoyle (D)
1 creature vanquished.

Grand Total: 10 creatures vanquished

Notes
Turn   | Place    | Note
-------+----------+-------------------------------------------
     0 | D        | JosiahThimblerig the Hill Orc Fighter began the quest for
                  | the Orb.
     0 | D        | Reached XP level 1. HP: 19/19 MP: 1/1
     2 | D        | Noticed Ijyb
    15 | D        | Killed Ijyb
    15 | D        | Reached skill level 5 in Fighting
    15 | D        | Reached skill level 3 in Axes
    15 | D        | Reached XP level 2. HP: 7/29 MP: 2/2
    15 | D        | Reached XP level 3. HP: 9/36 MP: 3/3
   236 | D        | Noticed an ogre
   244 | D        | Killed an ogre
   244 | D        | Reached skill level 5 in Axes
   244 | D        | Reached XP level 4. HP: 22/45 MP: 4/4
   407 | D        | Noticed Sigmund
   415 | D        | Killed Sigmund
   415 | D        | Reached skill level 8 in Axes
   415 | D        | Reached XP level 5. HP: 40/53 MP: 5/5
   415 | D        | Reached XP level 6. HP: 46/61 MP: 6/6
   491 | D        | Found an ornate altar of the Wu Jian Council.
   491 | D        | Found a deep blue altar of Sif Muna.
   493 | D        | Found a radiant altar of Vehumet.
   585 | D        | Found Keotzy's Distillery.
   585 | D        | Found an ancient bone altar of Kikubaaqudgha.
   585 | D        | Found a hazy altar of Hepliaklqana.
   585 | D        | Found a hide-covered altar of Uskayaw.
   585 | D        | Found a basalt altar of Yredelemnul.
   585 | D        | Found an opulent altar of Gozag.
   585 | D        | Found a snail-covered altar of Cheibriados.
   585 | D        | Found a sacrificial altar of Ru.
   585 | D        | Found a shadowy altar of Dithmenos.
   585 | D        | Noticed a yak
   587 | D        | Found a stormy altar of Qazlal.
   587 | D        | Found a blossoming altar of Fedhas.
   587 | D        | Found a bloodstained altar of Trog.
   587 | D        | Found an iron altar of Okawaru.
   587 | D        | Found a glowing golden altar of the Shining One.
   587 | D        | Found a glowing silver altar of Zin.
   587 | D        | Found a white marble altar of Elyvilon.
   589 | D        | Became a worshipper of Vehumet
   598 | D        | Killed a yak
   598 | D        | Reached skill level 10 in Axes
   598 | D        | Reached XP level 7. HP: 49/70 MP: 7/7
   640 | D        | Killed a gargoyle
   695 | D        | Found a sparkling altar of Nemelex Xobeh.
   699 | D        | Bought a potion of ambrosia for 80 gold pieces
   699 | D        | Bought a potion of berserk rage for 50 gold pieces
   699 | D        | Bought a potion of lignification for 30 gold pieces
   699 | D        | Bought a potion of curing for 30 gold pieces
   699 | D        | Bought a potion of lignification for 30 gold pieces
   699 | D        | Bought a potion of brilliance for 40 gold pieces
   710 | D        | Found a viscous altar of Jiyva.
   710 | D        | Found a corrupted altar of Lugonu.
   710 | D        | Noticed a slime creature
   711 | D        | Found a burning altar of Makhleb.
   711 | D        | Found a shimmering altar of Xom.
   728 | D        | HP: 1/70 [slime creature (13)]
   733 | D        | Killed a slime creature
   733 | D        | Reached skill level 11 in Axes
   733 | D        | Reached skill level 1 in Dodging
   967 | D        | Noticed a kobold demonologist
   967 | D        | Noticed a kobold demonologist
   968 | D        | Paralysed by a floating eye for 4 turns
   974 | D        | Noticed a rust devil
   974 | D        | Reached * piety under Vehumet
   974 | D        | Offered knowledge of Flame Tongue by Vehumet.
   974 | D        | Reached skill level 10 in Fighting
   976 | D        | Noticed an ice devil
   985 | D        | Killed a kobold demonologist
   985 | D        | Reached skill level 12 in Axes
   985 | D        | Reached skill level 10 in Armour
   985 | D        | Reached XP level 8. HP: 80/80 MP: 8/8
   991 | D        | Killed a kobold demonologist
   991 | D        | Reached skill level 13 in Axes
  1015 | D        | Bought a potion of ambrosia for 80 gold pieces
  1015 | D        | Bought a potion of brilliance for 40 gold pieces
  1025 | D        | Learned a level 1 spell: Flame Tongue
  1027 | D        | Noticed a centaur warrior
  1028 | D        | Noticed a centaur warrior
  1039 | D        | HP: 3/81 [centaur warrior/cursed -3 shortbow (12)]
  1040 | D        | Slain by a centaur warrior

Vault maps used:
D:        dungeon_sprint_1

Skill      XL: |  1  2  3  4  5  6  7  8 |
---------------+-------------------------+-----
Fighting       | 5 6 8 9 10 | 10.7
Axes           | 3 5 8 10 12 13 | 13.3
Armour         | 4 6 7 8 10 | 10.8
Shields        | 4 6 7 8 9 |  9.6
Dodging        | 1 |  1.5
Evocations     | |  0.2

Action                   |  1- 3 |  4- 6 |  7- 9 || total
-------------------------+-------+-------+-------++-------
Melee: War axe           |    21 |    22 |    45 ||    88
Evoke: Wand              |       |       |     2 ||     2
  Use: Potion            |       |       |     3 ||     3
Armor: Scale mail        |    10 |     7 |     8 ||    25
Dodge: Dodged            |     3 |     4 |     9 ||    16
Block: Shield            |     7 |     7 |    25 ||    39

Table legend:
 A = Non-vault XP
 B = Vault XP
 C = Vault XP percentage of total XP
 D = Non-vault monster count
 E = Vault monster count
 F = Vault count percentage of total count
                 A         B        C        D         E       F
            +---------+---------+-------+---------+---------+-------
      Total |       0 |    1843 | 100.0 |       0 |       9 | 100.0
            +---------+---------+-------+---------+---------+-------
          D |       0 |    1843 | 100.0 |       0 |       9 | 100.0
            +---------+---------+-------+---------+---------+-------
